Match 41298843
Unlisted

Match 41298843
End
Kradschützen Motorcycle Team
Panzergrenadier Squad
Panzergrenadier Squad
250 Light Carrier
Construct Light Support Kompanie
Panzergrenadier Squad
Selects Panzerjäger Kommand Battlegroup
Selects Mine Fields
Fire Support Elements
Selects Defensive Positions
le.IG 18 Mechanized Group
2.5-tonne Medical Truck
Panzerjäger Squad
Selects Tank Busters
HeyGuys! I_Guess_That's_it
XinLuh69
Gambit
STALKER4732
SoyaLors
Devochkin
0
0

Comments sign in to comment!

No comments posted yet!